cohdb
Replays
Latest Replays
All Replays
Popular Replays
Top Player Replays
Match Explorer
How It Works
Community
CoH3 Stats
Reddit
Sign in to upload your games and track your stats! →
Sign in with Steam
Match 42031221
Unlisted
Match 42031221
Overview
Messages
Build Orders
End
Royal Engineer Section
Selects Canadian Shock Battlegroup
Construct Section Command Post
Dingo Light Scout Car
Infantry Section
Infantry Section
Selects Attacking Spirit
Selects Canadian Shock Section
Construct Field Infirmary
Selects Incendiary Munitions
ML 3-inch Mortar Team
Construct Platoon Command Post
Selects Pyrotechnics
Humber Armored Car
Canadian Shock Section
WadoVice
Kimgorden
0
0
Comments
sign in to comment!
No comments posted yet!